 Dungeon Crawl Stone Soup version 0.24.1-14-gf8d2b509d9 (console) character file.

Game seed: 15614357903103735070, levelgen mode: deterministic

4552 Kagalorn the Fighter (level 10, 0/82 HPs)
             Began as a Gnoll Wanderer on Mar 11, 2021.
             Was a Believer of the Shining One.
             Slain by a wyvern (10 damage)
             ... on level 9 of the Dungeon.
             The game lasted 00:19:13 (9963 turns).

Kagalorn the Fighter (Gnoll Wanderer)               Turns: 9963, Time: 00:19:14

Health: 0/82       AC: 13    Str: 18    XL:     10   Next: 40%
Magic:  17/17      EV:  8    Int: 15    God:    the Shining One [**....]
Gold:   468        SH:  0    Dex: 17    Spells: 19/19 levels left

rFire    . . .     SeeInvis .   a - +1 morningstar
rCold    . . .     Gourm    .   (no shield)
rNeg     + . .     Faith    .   B - +0 plate armour
rPois    .         Spirit   .   L - +0 helmet
rElec    .         Reflect  .   (no cloak)
rCorr    .         Harm     .   (no gloves)
MR       .....                  (no boots)
Stlth    ..........             E - amulet of magic regeneration
HPRegen  0.23/turn              l - +3 ring of dexterity
MPRegen  0.40/turn              (no ring)

@: about to teleport, glowing, drained
A: distributed training, fangs 1, strong nose
a: Divine Shield, Renounce Religion


You were on level 9 of the Dungeon.
You worshipped the Shining One.
The Shining One was pleased with you.
You were not hungry.

You visited 2 branches of the dungeon, and saw 10 of its levels.

You collected 468 gold pieces.

Inventory:

Hand Weapons
 a - a +1 morningstar (weapon)
 k - a +2 mace of holy wrath
 u - a +2 quarterstaff
 y - a +3 hand axe
 J - a +2 hand axe of electrocution
Missiles
 g - 275 stones (quivered)
 m - 20 bolts
 n - 79 sling bullets
 r - a throwing net
 w - 161 arrows
Armour
 h - a +0 buckler
 B - a +0 plate armour (worn)
 I - a +1 shield
 L - a +0 helmet (worn)
Jewellery
 l - a +3 ring of dexterity (left hand)
 s - an uncursed ring of ice
 v - a +5 ring of slaying {unknown}
 E - an amulet of magic regeneration (around neck)
Wands
 p - a wand of polymorph (8)
 q - a wand of flame (15)
 F - a wand of scattershot (5)
Scrolls
 b - 4 scrolls of teleportation
 x - 4 scrolls of remove curse
 A - 2 scrolls of enchant weapon
 K - a scroll of holy word {unknown}
Potions
 c - a potion of lignification
 d - 2 potions of flight
 e - 4 potions of curing
 i - 2 potions of might
 j - 2 potions of ambrosia {unknown}
 o - 3 potions of brilliance
 t - a potion of magic
 z - 2 potions of haste
 C - a potion of agility {unknown}
 G - a potion of mutation {unknown}
 H - 2 potions of cancellation
Comestibles
 f - 18 rations
 D - a chunk of flesh


   Skills:
 + Level 8.4(7.3) Fighting
 + Level 5.1(4.1) Short Blades
 + Level 5.1(4.1) Long Blades
 + Level 5.1(4.1) Axes
 + Level 5.1(4.1) Maces & Flails
 + Level 5.1(4.1) Polearms
 + Level 7.0(5.9) Staves
 + Level 5.1(4.1) Slings
 + Level 5.1(4.1) Bows
 + Level 5.1(4.1) Crossbows
 + Level 5.8(4.8) Throwing
 + Level 5.1(4.1) Armour
 + Level 7.0(5.9) Dodging
 + Level 5.7(4.7) Stealth
 + Level 5.1(4.1) Shields
 + Level 5.8(4.8) Unarmed Combat
 + Level 5.1(4.1) Spellcasting
 + Level 4.2(3.3) Conjurations
 + Level 4.2(3.3) Hexes
 + Level 4.2(3.3) Charms
 + Level 4.2(3.3) Summonings
 + Level 4.2(3.3) Necromancy
 + Level 4.2(3.3) Translocations
 + Level 4.2(3.3) Transmutations
 + Level 4.2(3.3) Fire Magic
 + Level 4.2(3.3) Ice Magic
 + Level 4.2(3.3) Air Magic
 + Level 4.2(3.3) Earth Magic
 + Level 4.2(3.3) Poison Magic
 + Level 5.6(4.6) Invocations
 + Level 5.1(4.1) Evocations


You had 19 spell levels left.
You didn't know any spells.
Your spell library was empty.

Dungeon Overview and Level Annotations

Branches:
Dungeon (9/15)             Temple (1/1) D:5            Lair (0/6) D:8
    Orc: D:9-12

Altars:
Ashenzari
Cheibriados
Dithmenos
Elyvilon
Fedhas
Gozag
Hepliaklqana
Kikubaaqudgha
Makhleb
Nemelex Xobeh
Okawaru
Qazlal
Ru
Sif Muna
Trog
Uskayaw
Vehumet
Wu Jian
Xom
Yredelemnul
Zin
The Shining One
Beogh

Shops:
D:8 [

Annotations:
D:8 2 transporters, ciphuk's ghost, journeyman TrMo


Innate Abilities, Weirdness & Mutations

Your experience applies equally to all skills.
You have very sharp teeth.
Your uncanny sense of smell can sniff out nearby items.


Message History

a - a +1 morningstar (weapon);
u - a +2 quarterstaff You puncture the two-headed ogre!
The two-headed ogre is moderately wounded.
The two-headed ogre hits you with a +0 giant club! x2
You puncture the two-headed ogre!
The two-headed ogre is heavily wounded.
The two-headed ogre hits you with a +0 giant club!!
The two-headed ogre hits you with a +0 giant club!
You hear an angry hiss.
You sock the two-headed ogre! Your bite misses the two-headed ogre.
The two-headed ogre is heavily wounded.
The two-headed ogre hits you with a +0 giant club!
* * * LOW HITPOINT WARNING * * *
The two-headed ogre hits you with a +0 giant club.
* * * LOW HITPOINT WARNING * * *
A wyvern comes into view.
The wyvern hisses menacingly.
As you read the scroll of teleportation, it crumbles to dust.
You feel strangely unstable. The wyvern bites you!
You die...

............+...#.# .#
............#...>.# .#
............#.....##
###.##### ............#...)..
.......
............#....########...#
............#....'.....##...#
............#....##....l....#
............'.....#.##....#.#
............#...@.#.#######.#
#############...lO#.# #
#...).#.# #.....#l#
#.....#.#######
#.....#........
#..............
###############


You could see a two-headed ogre and a wyvern.

Vanquished Creatures
  An unseen horror (D:8)
  A wind drake (D:8)
  Eustachio (D:6)
  A water moccasin (D:8)
  An orc warrior (D:7)
  An ice beast (D:7)
  A sky beast (D:7)
  2 phantoms
  A black bear (D:6)
  3 centaurs
  4 wolves (D:8)
  A big kobold (D:8)
  4 bullfrogs
  A wyvern zombie (D:8)
  4 scorpions
  4 wights (D:9)
  3 electric eels (D:8)
  3 howler monkeys
  A crimson imp (D:5)
  A bullfrog zombie (D:6)
  2 jellies
  4 hounds
  10 orc priests
  11 orc wizards
  An iguana (D:4)
  5 worker ants
  A killer bee zombie (D:5)
  A worker ant zombie (D:5)
  15 gnolls
  15 adders
  2 shadow imps
  A white imp (D:5)
  An adder skeleton (D:9)
  5 worms
  2 leopard geckos (D:3)
  55 orcs
  A ball python (D:5)
  9 bats
  6 giant cockroaches
  4 goblins
  9 hobgoblins
  5 jackals
  6 kobolds
  6 quokkas
  4 frilled lizards
  A goblin zombie (D:5)
  3 hobgoblin zombies (D:5)
  2 kobold skeletons (D:5)
  2 leopard gecko skeletons
  A leopard gecko zombie (D:5)
  An orc skeleton (D:5)
  2 orc zombies (D:5)
  7 rats
239 creatures vanquished.

Notes
Turn   | Place    | Note
-------+----------+-------------------------------------------
     0 | D:1      | Kagalorn the Gnoll Wanderer began the quest for the Orb.
     0 | D:1      | Kagalorn set off with the following items: a +2
                  | quarterstaff, a scroll of teleportation, a potion of
                  | lignification, a +0 robe, a ration
     0 | D:1      | Reached XP level 1. HP: 23/23 MP: 1/1
    73 | D:1      | Reached XP level 2. HP: 26/29 MP: 2/2
   408 | D:2      | Reached XP level 3. HP: 31/35 MP: 3/3
   560 | D:2      | Reached skill level 1 in Invocations
   725 | D:2      | Reached skill level 1 in Short Blades
   725 | D:2      | Reached skill level 1 in Long Blades
   725 | D:2      | Reached skill level 1 in Axes
   725 | D:2      | Reached skill level 1 in Maces & Flails
   725 | D:2      | Reached skill level 1 in Polearms
   725 | D:2      | Reached skill level 1 in Slings
   725 | D:2      | Reached skill level 1 in Bows
   725 | D:2      | Reached skill level 1 in Crossbows
   725 | D:2      | Reached skill level 1 in Armour
   725 | D:2      | Reached skill level 1 in Shields
   725 | D:2      | Reached skill level 1 in Spellcasting
   725 | D:2      | Reached skill level 1 in Evocations
   863 | D:2      | Reached XP level 4. HP: 41/41 MP: 5/5
  1057 | D:3      | Reached skill level 1 in Conjurations
  1057 | D:3      | Reached skill level 1 in Hexes
  1057 | D:3      | Reached skill level 1 in Charms
  1057 | D:3      | Reached skill level 1 in Summonings
  1057 | D:3      | Reached skill level 1 in Necromancy
  1057 | D:3      | Reached skill level 1 in Translocations
  1057 | D:3      | Reached skill level 1 in Transmutations
  1057 | D:3      | Reached skill level 1 in Fire Magic
  1057 | D:3      | Reached skill level 1 in Ice Magic
  1057 | D:3      | Reached skill level 1 in Air Magic
  1057 | D:3      | Reached skill level 1 in Earth Magic
  1057 | D:3      | Reached skill level 1 in Poison Magic
  1070 | D:3      | Reached XP level 5. HP: 11/47 MP: 6/6
  1803 | D:3      | Reached XP level 6. HP: 34/53 MP: 8/8
  1867 | D:3      | Found a shadowy altar of Dithmenos.
  2161 | D:4      | Noticed a phantom
  2202 | D:4      | Killed a phantom
  2202 | D:4      | Reached skill level 5 in Staves
  2202 | D:4      | Reached skill level 5 in Dodging
  2487 | D:4      | Reached XP level 7. HP: 49/59 MP: 10/10
  2555 | D:4      | Reached skill level 7 in Fighting
  3423 | D:5      | Entered Level 5 of the Dungeon
  3473 | D:5      | Found a glowing golden altar of the Shining One.
  3494 | D:5      | Became a worshipper of the Shining One
  3608 | D:5      | Found a staircase to the Ecumenical Temple.
  3617 | Temple   | Entered the Ecumenical Temple
  4030 | D:5      | Reached * piety under the Shining One
  4265 | D:5      | Found an iron altar of Okawaru.
  4268 | D:5      | Found a shattered altar of Ashenzari.
  4270 | D:5      | Found a burning altar of Makhleb.
  4271 | D:5      | Found a white marble altar of Elyvilon.
  4272 | D:5      | Found a blossoming altar of Fedhas.
  4401 | D:5      | Reached XP level 8. HP: 66/67 MP: 12/12
  5177 | D:6      | Got an iridescent short sword
  5273 | D:6      | Noticed Eustachio
  5282 | D:6      | Killed Eustachio
  5560 | D:7      | Identified the +2 short sword "Bunosk" {speed, Dex+5} (You
                  | found it on level 6 of the Dungeon)
  5656 | D:7      | Reached XP level 9. HP: 71/72 MP: 14/14
  5960 | D:7      | Reached ** piety under the Shining One
  6299 | D:7      | Found an ornate altar of the Wu Jian Council.
  7018 | D:8      | Noticed a troll
  7038 | D:8      | Noticed an unseen horror
  7038 | D:8      | HP: 3/74 [troll (7)]
  7043 | D:8      | Killed an unseen horror
  7043 | D:8      | Reached skill level 8 in Fighting
  7043 | D:8      | Reached skill level 5 in Throwing
  7043 | D:8      | Reached skill level 5 in Stealth
  7043 | D:8      | Reached skill level 5 in Unarmed Combat
  7390 | D:7      | Reached skill level 5 in Invocations
  7553 | D:8      | Found a sparkling altar of Nemelex Xobeh.
  7716 | D:8      | Reached XP level 10. HP: 27/80 MP: 17/17
  8303 | D:8      | Found a staircase to the Lair.
  8402 | D:8      | HP: 1/80 [electric eel/bolt of electricity (11)]
  8807 | D:8      | Reached skill level 5 in Short Blades
  8807 | D:8      | Reached skill level 5 in Long Blades
  8807 | D:8      | Reached skill level 5 in Axes
  8807 | D:8      | Reached skill level 5 in Maces & Flails
  8807 | D:8      | Reached skill level 5 in Polearms
  8807 | D:8      | Reached skill level 5 in Slings
  8807 | D:8      | Reached skill level 5 in Bows
  8807 | D:8      | Reached skill level 5 in Crossbows
  8807 | D:8      | Reached skill level 5 in Armour
  8807 | D:8      | Reached skill level 5 in Shields
  8807 | D:8      | Reached skill level 5 in Spellcasting
  8807 | D:8      | Reached skill level 5 in Evocations
  9178 | D:8      | Found a roughly hewn altar of Beogh.
  9293 | D:8      | Found Itarieh's Armour Shop.
  9346 | D:8      | Found a transporter.
  9346 | D:8      | Found a transporter.
  9354 | D:8      | Found a bloodstained altar of Trog.
  9358 | D:8      | Noticed ciphuk's ghost (journeyman TrMo)
  9365 | D:8      | Noticed a moth of wrath
  9935 | D:9      | Noticed a two-headed ogre
  9963 | D:9      | Slain by a wyvern

Levels and vault maps discovered:
D:1:      sevenhm_arrival_forest_fort_small_3, layout_rooms
D:2:      layout_loops_ring, st_stairs_13
D:3:      layout_basic, nicolae_dithmenos_through_a_glass_darkly, first_ration
D:4:      layout_basic, minmay_circle_x
D:5:      layout_basic, nicolae_tso_besieged_by_evil, minitemple,
          lemuel_temple_firewalk_a
D:6:      layout_basic, nicolae_lava_and_water, uniq_eustachio
D:7:      layout_basic, nicolae_overflow_hidden_temple
D:8:      layout_rooms, erik_lair_island, special_room [special_room_orc],
          serial_shops, kennysheep_mini, gammafunk_ghost_wrathful_warriors,
          blue_anna_alchemist [blue_anna_fruit_fields, blue_anna_fruit_fields],
          chequers_serial_rivers_marsh, minmay_ruined_shrine
D:9:      layout_basic
Temple:   minmay_temple_curvy_branch

Skill      XL: |  1  2  3  4  5  6  7  8  9 10 |
---------------+-------------------------------+-----
Invocations    | 1 2 3 4 5 |  5.6
Short Blades   | 1 2 3 4 5 |  5.1
Long Blades    | 1 2 3 4 5 |  5.1
Axes           | 1 2 3 4 5 |  5.1
Maces & Flails | 1 2 3 4 5 |  5.1
Polearms       | 1 2 3 4 5 |  5.1
Slings         | 1 2 3 4 5 |  5.1
Bows           | 1 2 3 4 5 |  5.1
Crossbows      | 1 2 3 4 5 |  5.1
Armour         | 1 2 3 4 5 |  5.1
Shields        | 1 2 3 4 5 |  5.1
Spellcasting   | 1 2 3 4 5 |  5.1
Evocations     | 1 2 3 4 5 |  5.1
Conjurations   | 1 2 3 4 |  4.2
Hexes          | 1 2 3 4 |  4.2
Charms         | 1 2 3 4 |  4.2
Summonings     | 1 2 3 4 |  4.2
Necromancy     | 1 2 3 4 |  4.2
Translocations | 1 2 3 4 |  4.2
Transmutations | 1 2 3 4 |  4.2
Fire Magic     | 1 2 3 4 |  4.2
Ice Magic      | 1 2 3 4 |  4.2
Air Magic      | 1 2 3 4 |  4.2
Earth Magic    | 1 2 3 4 |  4.2
Poison Magic   | 1 2 3 4 |  4.2
Throwing       | 3 4 5 |  5.8
Unarmed Combat | 3 4 5 |  5.8
Stealth        | 3 4 5 |  5.7
Staves         | 5 6 7 |  7.0
Dodging        | 5 6 7 |  7.0
Fighting       | 7 8 |  8.4

Action                   |  1- 3 |  4- 6 |  7- 9 | 10-12 || total
-------------------------+-------+-------+-------+-------++-------
Melee: Quarterstaff      |    84 |   123 |   354 |   236 ||   797
       Bite              |     7 |    13 |    33 |    33 ||    86
       Morningstar       |       |       |       |     3 ||     3
 Abil: Evoke Berserk Rag |       |     1 |       |       ||     1
Evoke: Wand              |       |       |     1 |     1 ||     2
  Use: Scroll            |       |       |    17 |     3 ||    20
       Potion            |       |       |     1 |     2 ||     3
 Stab: Sleeping          |     1 |       |       |       ||     1
  Eat: Chunk             |       |     6 |     7 |     4 ||    17
       Ration            |       |       |     3 |     1 ||     4
Armor: Chain mail        |    25 |       |       |       ||    25
       Plate armour      |     6 |    81 |   221 |   110 ||   418
       Skin              |       |       |       |     6 ||     6
Dodge: Dodged            |    28 |    31 |   160 |   102 ||   321
